 Dungeon Crawl Stone Soup version 0.29-a0-393-g47a863cc1b (webtiles) character file.

Game seed: 3334157840838564867

2977 sammy202020 the Fighter (level 9, 0/117 (124) HPs)
             Began as a Minotaur Fighter on May 11, 2022.
             Was a Believer of Trog.
             Slain by a chaos spawn (1 damage)
             ... summoned by an orc sorcerer
             ... on level 7 of the Dungeon.
             The game lasted 00:09:26 (6498 turns).

sammy202020 the Fighter (Minotaur Fighter)          Turns: 6498, Time: 00:09:26

HP:   0/117 (124)   AC: 15    Str: 21    XL:     9   Next: 53%
MP:   8/8           EV:  7    Int: 15    God:    Trog [**....]
Gold: 397           SH:  5    Dex: 10    Spells: 8/8 levels left

rFire   . . .      SeeInvis .   a - +1 war axe (venom)
rCold   . . .      Faith    .   c - +0 buckler
rNeg    . . .      Spirit   .   A - +0 plate armour
rPois   +          Reflect  .   (helmet restricted)
rElec   .          Harm     .   m - +0 cloak
rCorr   .          Rampage  .   (no gloves)
Will    ++...                   g - +0 pair of boots
Stlth   ..........              (no amulet)
HPRegen 1.29/turn               j - +6 ring of intelligence
MPRegen 0.11/turn               t - ring of poison resistance

@: berserking, strong-willed, regenerating, drained, very quick
A: horns 2, retaliatory headbutt
a: Renounce Religion, Berserk, Trog's Hand


You were on level 7 of the Dungeon.
You worshipped Trog.
Trog was pleased with you.
You visited 1 branch of the dungeon, and saw 7 of its levels.

You collected 397 gold pieces.

Inventory:

Hand Weapons
 a - a +1 war axe of venom (weapon)
 w - a +0 mace
 y - a +0 flail
Missiles
 n - a throwing net (quivered)
 q - 10 boomerangs
Armour
 c - a +0 buckler (worn)
 g - a +0 pair of boots (worn)
 m - a +0 cloak (worn)
 A - a +0 plate armour (worn)
 E - a +1 ring mail of cold resistance
Jewellery
 j - a +6 ring of intelligence (left hand)
 t - a ring of poison resistance (right hand)
 B - a +6 ring of intelligence
Wands
 v - a wand of charming (11)
 z - a wand of iceblast (2)
 F - a wand of flame (15)
Scrolls
 e - a scroll of enchant armour
 p - a scroll of fear
 x - a scroll of teleportation
 C - a scroll of magic mapping
Potions
 b - 2 potions of lignification
 d - 2 potions of might
 f - 2 potions of degeneration
 h - a potion of berserk rage
 i - 2 potions of brilliance
 k - a potion of flight {unknown}
 l - a potion of haste {unknown}
 o - a potion of ambrosia {unknown}
 r - 3 potions of curing
 s - 2 potions of heal wounds {unknown}
 D - a potion of magic {unknown}


   Skills:
 * Level 9.3 Fighting
 * Level 8.9 Axes
 + Level 6.9 Armour
 + Level 5.4 Dodging
 + Level 7.0 Shields


You had 8 spell levels left.
You didn't know any spells.
Your spell library contained the following spells:

 Spells                   Type           Power      Damage    Failure   Level
 Magic Dart               Conj           0%         1d3       100%        1
 Corpse Rot               Necr/Air       0%         N/A       100%        2
 Poisonous Vapours        Pois/Air       0%         N/A       100%        2
 Searing Ray              Conj           0%         2d4       100%        2
 Fulminant Prism          Conj/Hex       0%         3d6       100%        4


Dungeon Overview and Level Annotations

Branches:
Dungeon (7/15)             Temple (0/1) D:6

Altars:
Dithmenos
Fedhas
Qazlal
Trog
Vehumet
Zin

Shops:
D:5 ?   D:6 *


Innate Abilities, Weirdness & Mutations

You have a pair of horns on your head.
You reflexively headbutt those who attack you in melee.


Message History

You completely miss the chaos spawn.
You kill the bullfrog!
Trog accepts your kill.
The orc sorcerer points at you and mumbles some strange words.
You resist with almost no effort. The chaos spawn barely misses you.
The wight hits you but does no damage.
A wight comes into view. It is wielding a +0 great sword.
A wight comes into view. It is wielding a +3 long sword.
You closely miss the wight. You hit the chaos spawn.
The chaos spawn is poisoned.
The chaos spawn gores you!
* * * LOW HITPOINT WARNING * * *
The chaos spawn draws strength from your injuries!
The wight hits you but does no damage.
Unknown command.
A hound comes into view.
Found a potion of brilliance and a scroll of amnesia.
The hound barks!
The orc sorcerer gestures wildly while chanting.
The chaos spawn attacks as you move away!
The chaos spawn hits you but does no damage.
The chaos spawn grows dozens of eye stalks in order to get a better look at you.
The wight attacks as you move away! The wight hits you with a +0 mace.
* * * LOW HITPOINT WARNING * * *
The chaos spawn attacks as you move away!
The chaos spawn gores you!
* * * LOW HITPOINT WARNING * * *
A red film seems to cover your vision as you go berserk!
You feel yourself moving faster!
You feel mighty! The orc sorcerer casts a spell at you.
The bolt of negative energy hits you!
You feel drained.
* * * LOW HITPOINT WARNING * * *
You are too berserk!
Unknown command.
You are too berserk!
Okay, then.
You closely miss the wight. You completely miss the hound.
You hit the chaos spawn. The hound bites you.
* * * LOW HITPOINT WARNING * * *
The chaos spawn gores you.
You die...

≈.≈≈≈.....##........
#.##≈≈......<.......
...##≈..............
!...#≈..............
...o≈..............
..#3...†..........
##≈..)..z........
≈##.##≈≈4...##........
≈≈≈.≈≈≈@z..###..z.#...
......h.h...# .......
............?....##.
.......###.......#
....... ##.....
....... ..... #.##...
...## ## .... ..


You could see a neqoxec (summoned), a chaos spawn (summoned, poisoned), an orc
sorcerer, 2 hounds and 2 wights.

Vanquished Creatures
  Joseph (D:7)
  Grinder (D:5)
  Sigmund (D:2)
  4 yaks (D:6)
  An orc warrior (D:6)
  A sky beast (D:6)
  2 ogres (D:5)
  A centaur (D:6)
  A phantom (D:4)
  2 necrophages
  2 scorpions
  A bullfrog (D:7)
  A howler monkey (D:6)
  2 gnoll shamans
  2 orc priests
  4 hounds
  6 iguanas
  A jelly (D:5)
  Jessica (D:2)
  Ijyb (D:5)
  2 orc wizards
  18 gnolls
  7 adders
  3 shadow imps
  2 white imps (D:6)
  An ufetubus (D:4)
  3 worms
  18 orcs
  2 endoplasms (D:2)
  4 goblins
  7 hobgoblins
  7 jackals (D:1)
  5 quokkas
  6 ball pythons
  8 bats
  5 kobolds
  7 rats
141 creatures vanquished.

Notes
Turn   | Place    | Note
-------+----------+-------------------------------------------
     0 | D:1      | sammy202020 the Minotaur Fighter began the quest for the
                  | Orb.
     0 | D:1      | Reached XP level 1. HP: 19/19 MP: 0/0
   322 | D:1      | Reached XP level 2. HP: 26/27 MP: 1/1
   492 | D:1      | Reached skill level 4 in Fighting
   612 | D:1      | HP: 1/27 [gnoll/+2 vorpal spear (1)]
   614 | D:1      | Reached XP level 3. HP: 2/33 MP: 2/2
  1594 | D:2      | Reached skill level 1 in Dodging
  1831 | D:2      | Noticed Jessica
  1841 | D:2      | Killed Jessica
  1842 | D:2      | Reached XP level 4. HP: 40/41 MP: 3/3
  2019 | D:2      | Noticed Sigmund
  2026 | D:2      | Killed Sigmund
  2027 | D:2      | Reached skill level 5 in Fighting
  2027 | D:2      | Reached XP level 5. HP: 46/48 MP: 4/4
  2120 | D:2      | Found a faded altar of an unknown god.
  2705 | D:3      | Found a stormy altar of Qazlal.
  2706 | D:3      | Found a bloodstained altar of Trog.
  2776 | D:3      | Reached XP level 6. HP: 35/56 MP: 5/5
  2846 | D:3      | Became a worshipper of Trog the Wrathful
  3517 | D:4      | You fall into a shaft and drop 1 floor!
  3517 | D:5      | Entered Level 5 of the Dungeon
  3518 | D:5      | Found the +4 robe of Augmentation {Str+4 Int+4 Dex+4}
  3525 | D:5      | Reached skill level 5 in Axes
  3663 | D:4      | Reached skill level 6 in Fighting
  3675 | D:4      | Reached XP level 7. HP: 58/63 MP: 6/6
  3746 | D:4      | Reached skill level 5 in Shields
  3926 | D:4      | Reached * piety under Trog
  4053 | D:4      | Found a shadowy altar of Dithmenos.
  4065 | D:4      | Reached skill level 5 in Armour
  4534 | D:5      | Noticed Ijyb
  4540 | D:5      | Killed Ijyb
  4780 | D:5      | Found Usasoq's Magic Scroll Shoppe.
  4947 | D:5      | Found a blossoming altar of Fedhas.
  4956 | D:5      | Reached ** piety under Trog
  4957 | D:5      | Reached skill level 7 in Fighting
  4957 | D:5      | Reached XP level 8. HP: 62/73 MP: 7/7
  5382 | D:5      | Noticed Grinder
  5389 | D:5      | Paralysed by Grinder for 2 turns
  5395 | D:5      | Killed Grinder
  5617 | D:6      | Reached skill level 8 in Fighting
  5621 | D:6      | Reached XP level 9. HP: 67/82 MP: 8/8
  5853 | D:6      | Reached skill level 5 in Dodging
  5927 | D:6      | Found a staircase to the Ecumenical Temple.
  6017 | D:6      | Found Zin's Purification Station.
  6017 | D:6      | Found a glowing silver altar of Zin.
  6333 | D:6      | Found a radiant altar of Vehumet.
  6351 | D:6      | Reached skill level 9 in Fighting
  6473 | D:7      | Noticed Joseph
  6476 | D:7      | Noticed an orc sorcerer
  6481 | D:7      | Noticed a soul eater
  6484 | D:7      | Paralysed by an orc sorcerer for 5 turns
  6489 | D:7      | Killed Joseph
  6497 | D:7      | HP: 4/117 [orc sorcerer/bolt of negative energy (17)]
  6498 | D:7      | HP: 1/117 [hound (4)]
  6498 | D:7      | Slain by a chaos spawn

Illustrated notes

Levels and vault maps discovered:
D:1:      dpeg_arrival_rooms_b, layout_basic
D:2:      layout_basic, dilly_ecumenical_altar_fadedgnrine, uniq_jessica,
          uniq_sigmund
D:3:      layout_loops_ring, minitemple
D:4:      layout_gridville, nicolae_overflow_hidden_temple
D:5:      layout_loops_ring, mainiacjoe_overflow_six_doors_small, serial_shops,
          nicolae_stop_n_shop_2, uniq_ijyb, uniq_grinder
D:6:      layout_basic, zin_purify, mainiacjoe_overflow_tiny_flanked,
          minmay_temple_entry_grid
D:7:      cheibrodos_wizards_tower, layout_layer_cave, uniq_joseph

Skill      XL: |  1  2  3  4  5  6  7  8  9 |
---------------+----------------------------+-----
Fighting       | 4 5 6 7 8 9 |  9.3
Axes           | 3 4 5 6 8 |  8.9
Dodging        | 1 2 3 4 5 |  5.4
Armour         | 4 5 6 |  6.9
Shields        | 4 5 6 7 |  7.0

Action                   |  1- 3 |  4- 6 |  7- 9 || total
-------------------------+-------+-------+-------++-------
Melee: War axe           |    77 |    97 |   146 ||   320
       Headbutt          |     8 |    10 |    23 ||    41
Invok: Berserk           |       |       |     1 ||     1
       Trog's Hand       |       |       |     1 ||     1
  Use: Scroll            |     5 |     7 |     5 ||    17
 Stab: Sleeping          |       |       |     3 ||     3
Armor: Scale mail        |    46 |    46 |       ||    92
       Robe              |       |     3 |    21 ||    24
       Plate armour      |       |       |    23 ||    23
Dodge: Dodged            |    46 |    49 |    84 ||   179
Block: Buckler           |    17 |    23 |    34 ||    74

Table legend: (Time is in decaauts)
 A = Elapsed time spent in this place.
 B = Non-inter-level travel time spent in this place.
 C = Inter-level travel time spent in this place.
 D = Time resting spent in this place.
 E = Time spent auto-exploring this place.
 F = Levels seen in this place.
 G = Mean time per level.
                   A        B        C        D        E       F      G
               +--------+--------+--------+--------+--------+-----+--------+
         Total |   6598 |   6512 |     86 |    578 |   4661 |   7 |  942.6 |
       Dungeon |   6598 |   6512 |     86 |    578 |   4661 |   7 |  942.6 |
               +--------+--------+--------+--------+--------+-----+--------+

Top non-repeatable levels by time:
     D:1: 1599 daAuts
     D:5: 1212 daAuts
     D:3: 1139 daAuts
     D:4: 978 daAuts
     D:6: 883 daAuts
     D:2: 759 daAuts
     D:7: 26 daAuts
